 Dungeon Crawl Stone Soup version 0.26-a0-540-g8a0c9464d7 (webtiles) character file.

Game seed: 7861603247850886603

104 HammerPanzer the Slasher (level 4, -1/35 HPs)
             Began as a Demonspawn Berserker on Aug 22, 2020.
             Was a Believer of Trog.
             Slain by a goblin
             ... wielding a +0 club
             ... led by Robin
              (2 damage)
             ... on level 2 of the Dungeon.
             The game lasted 00:03:26 (1565 turns).

HammerPanzer the Slasher (Demonspawn Berserker)     Turns: 1565, Time: 00:03:26

Health: -1/35      AC:  7    Str: 17    XL:     4   Next: 52%
Magic:  4/4        EV: 11    Int:  9    God:    Trog [**....]
Gold:   44         SH:  0    Dex: 13    Spells: 3/3 levels left

rFire    . . .     SeeInvis .   a - +1 falchion
rCold    . . .     Faith    .   (no shield)
rNeg     . . .     Spirit   .   j - +0 ring mail (curse)
rPois    .         Reflect  .   (no helmet)
rElec    .         Harm     .   (no cloak)
rCorr    .                      (no gloves)
MR       .....                  (no boots)
Stlth    +.........             (no amulet)
HPRegen  0.11/turn              (no ring)
MPRegen  0.09/turn              (no ring)

@: no status effects
A: icy blue scales 1, rot immunity
a: Berserk, Trog's Hand, Renounce Religion


You were on level 2 of the Dungeon.
You worshipped Trog.
Trog was pleased with you.
You visited 1 branch of the dungeon, and saw 2 of its levels.

You collected 44 gold pieces.

Inventory:

Hand Weapons
 a - a +1 falchion (weapon)
Armour
 j - a cursed +0 ring mail (worn)
Jewellery
 e - a +4 ring of protection {unknown}
Scrolls
 b - a scroll of random uselessness {unknown}
 d - a scroll of fog {unknown}
Potions
 c - a potion of curing {unknown}
 f - a potion of mutation {unknown}
 i - 2 potions of heal wounds


   Skills:
 - Level 3.0 Fighting
 * Level 4.9 Long Blades
 - Level 1.7 Armour
 - Level 1.7 Dodging


You had 3 spell levels left.
You didn't know any spells.
Your spell library was empty.

Dungeon Overview and Level Annotations

Branches:
Dungeon (2/15)

Altars:
Xom


Innate Abilities, Weirdness & Mutations

You are partially covered in icy blue scales. (AC +2)
You are immune to rotting.


Message History

You hit Robin.
Robin is heavily wounded.
Robin hits you but does no damage. The goblin hits you with a +0 club.
You hit Robin.
Robin is almost dead.
Robin zaps a wand.
The puff of flame hits you!
* * * LOW HITPOINT WARNING * * *
The goblin hits you with a +0 club.
* * * LOW HITPOINT WARNING * * *
You hit Robin.
You kill Robin!
Trog accepts your kill. The goblin hits you with a +0 club.
* * * LOW HITPOINT WARNING * * *
Items here: ! $ ( )))))))) / ? [[ ÷ †††††.
You closely miss the goblin. The goblin completely misses you.
You barely miss the goblin.
The goblin no longer looks unusually strong.
The goblin hits you with a +0 club.
You die...

#.# #.####### ........# ........#
........# ........#
###########..... .†......#
#...............
........##########..........(....
...........)..÷g@................
####.....)########†..............
#......# #.............# #......#
#.............#. #......#
####..K............ #......#
#....g...##........ ########
#..g.g...##........
#......g.##........
#........##........


You could see a goblin.

Vanquished Creatures
  Jessica (D:2)
  Robin (D:2)
  2 adders (D:2)
  2 dart slugs
  A leopard gecko (D:2)
  6 bats
  2 giant cockroaches (D:1)
  13 goblins
  3 hobgoblins
  3 kobolds
  2 quokkas (D:2)
  2 frilled lizards
  4 rats
42 creatures vanquished.

Notes
Turn   | Place    | Note
-------+----------+-------------------------------------------
     0 | D:1      | HammerPanzer the Demonspawn Berserker began the quest for
                  | the Orb.
     0 | D:1      | Reached XP level 1. HP: 18/18 MP: 1/1
   110 | D:1      | Reached skill level 3 in Long Blades
   155 | D:1      | Found a shimmering altar of Xom.
   163 | D:1      | Gained mutation: You are partially covered in icy blue
                  | scales. (AC +2) [demonic ancestry]
   163 | D:1      | Reached XP level 2. HP: 7/24 MP: 2/2
   977 | D:2      | Noticed Robin
  1212 | D:2      | Gained mutation: You are immune to rotting. [demonic
                  | ancestry]
  1212 | D:2      | Reached XP level 3. HP: 29/29 MP: 3/3
  1245 | D:2      | Reached skill level 4 in Long Blades
  1264 | D:2      | Reached ** piety under Trog
  1435 | D:2      | Noticed Jessica
  1482 | D:2      | Killed Jessica
  1482 | D:2      | Reached XP level 4. HP: 35/35 MP: 4/4
  1562 | D:2      | Killed Robin
  1562 | D:2      | HP: 1/35 [goblin/+0 club[Robin] (2)]
  1565 | D:2      | Slain by a goblin

Illustrated notes

Levels and vault maps discovered:
D:1:      scummos_arrival_star, layout_loops_ring, xom_teletrap_fun
D:2:      layout_basic, grunt_temple_overflow_open, grunt_gozag_breadcrumbs,
          uniq_robin, uniq_jessica

Skill      XL: |  1  2  3 |
---------------+----------+-----
Long Blades    | 3 4 |  4.9
Fighting       | |  3.0
Armour         | |  1.7
Dodging        | |  1.7

Action                   |  1- 3 |  4- 6 || total
-------------------------+-------+-------++-------
Melee: Falchion          |    99 |    33 ||   132
Invok: Berserk           |     2 |       ||     2
  Use: Scroll            |     4 |       ||     4
       Potion            |     1 |       ||     1
Armor: Animal skin       |    19 |       ||    19
       Ring mail         |    16 |    11 ||    27
Dodge: Dodged            |    71 |    10 ||    81
       Rpst.: Falchion   |    24 |     1 ||    25

Table legend: (Time is in decaauts)
 A = Elapsed time spent in this place.
 B = Non-inter-level travel time spent in this place.
 C = Inter-level travel time spent in this place.
 D = Time resting spent in this place.
 E = Time spent auto-exploring this place.
 F = Levels seen in this place.
 G = Mean time per level.
                   A        B        C        D        E       F      G
               +--------+--------+--------+--------+--------+-----+--------+
         Total |   1597 |   1468 |    129 |    520 |    575 |   2 |  798.5 |
       Dungeon |   1597 |   1468 |    129 |    520 |    575 |   2 |  798.5 |
               +--------+--------+--------+--------+--------+-----+--------+

Top non-repeatable levels by time:
     D:1: 1181 daAuts
     D:2: 415 daAuts
